 Dungeon Crawl Stone Soup version 0.27-a0-1434-g6f15984924 (webtiles) character file.

Game seed: 14289035043374881166

527 Delamore the Twirler (level 7, -1/56 HPs)
             Began as a Formicid Fighter on July 3, 2021.
             Killed from afar by Natasha (10 damage)
             ... with a magic dart
             ... on level 3 of the Dungeon.
             The game lasted 00:02:11 (2742 turns).

Delamore the Twirler (Formicid Fighter)             Turns: 2742, Time: 00:02:11

Health: -1/56      AC: 11    Str: 23    XL:     7   Next: 47%
Magic:  7/7        EV:  6    Int:  7    God:
Gold:   111        SH:  9    Dex: 10    Spells: 6/6 levels left

rFire    . . .     SeeInvis +   o - +1 whip (venom)
rCold    . . .     Faith    .   c - +0 kite shield
rNeg     . . .     Spirit   .   p - +2 chain mail {Will+}
rPois    .         Reflect  .   (helmet unavailable)
rElec    .         Harm     .   (no cloak)
rCorr    .         Rampage  .   (no gloves)
Will     +....                  (no boots)
Stlth    ..........             (no amulet)
HPRegen  0.18/turn              (no ring)
MPRegen  0.10/turn              (no ring)

@: no status effects
A: permanent stasis, dig shafts and tunnels, antennae 3, four strong arms
a: Dig, Shaft Self


You were on level 3 of the Dungeon.
You visited 1 branch of the dungeon, and saw 3 of its levels.

You collected 111 gold pieces.

Inventory:

Hand Weapons
 a - a +0 quarterstaff
 o - a +1 whip of venom (weapon)
Armour
 b - a +0 scale mail
 c - a +0 kite shield (worn)
 f - a +0 plate armour
 p - a +2 chain mail of willpower (worn)
Jewellery
 k - a ring of protection from fire
Wands
 j - a wand of iceblast (11)
Scrolls
 m - a scroll of teleportation
 r - a scroll of enchant armour {unknown}
Potions
 d - 2 potions of might
 e - 4 potions of curing
 g - a potion of cancellation {unknown}
 h - 3 potions of haste
 i - a potion of flight {unknown}
 l - a potion of heal wounds {unknown}
 n - 2 potions of berserk rage
 q - a potion of brilliance {unknown}


   Skills:
 - Level 5.0 Fighting
 * Level 6.9 Staves
 - Level 3.2 Armour
 - Level 3.6 Shields


You had 6 spell levels left.
You didn't know any spells.
Your spell library contained the following spells:

 Spells                   Type           Power      Damage    Failure   Level
 Call Canine Familiar     Summ           0%         N/A       100%        3
 Portal Projectile        Hex/Tloc       0%         N/A       100%        3
 Leda's Liquefaction      Hex/Erth       0%         N/A       100%        4


Dungeon Overview and Level Annotations

Branches:
Dungeon (3/15)

Altars:

Annotations:
D:3 Natasha


Innate Abilities, Weirdness & Mutations

You cannot be hasted, slowed, berserked, paralysed or teleported.
You can dig through walls and to a lower floor.
You have a pair of large antennae on your head. (SInv)
Your four strong arms can wield two-handed weapons with a shield.


Message History

You are too injured to fight recklessly!
You are too injured to fight recklessly!
You extend your mandibles.
You dig through the rock wall.
You block the rat's attack.
You closely miss the rat.
The gnoll hits you from afar with a +0 spear.
The rat bites you but does no damage.
You retract your mandibles.
You extend your mandibles.
You dig through the rock wall.
You hit the rat.
The rat is poisoned.
The rat is heavily wounded.
You block the rat's attack.
You hit the rat.
You kill the rat!
Your shield and chain mail prevent you from hitting the hobgoblin.
The hobgoblin hits you. You block the gnoll's attack.
You completely miss the hobgoblin. You block the hobgoblin's attack.
The gnoll hits you from afar with a +0 spear.
You hit the hobgoblin.
The hobgoblin is poisoned.
The hobgoblin is heavily wounded.
You block the hobgoblin's attack. You block the gnoll's attack.
You hit the hobgoblin.
You kill the hobgoblin!
The gnoll barely misses you.
You closely miss the gnoll. You block the gnoll's attack. x2
You hit the gnoll.
The gnoll is lightly wounded.
Natasha, Servant of Life and Death comes into view.
You block the gnoll's attack. The gnoll hits you with a +0 flail!
* * * LOW HITPOINT WARNING * * *
Natasha hisses angrily.
You hit the gnoll but do no damage.
The gnoll is poisoned.
The gnoll is lightly wounded.
The gnoll hits you from afar with a +0 spear.
* * * LOW HITPOINT WARNING * * *
The gnoll hits you but does no damage. Natasha casts a spell at you.
The magic dart hits you!
You die...

......<....#.......#
..........##.......# ......).)#
#.#..##.# #.#.####.#..##.##
#.#..##..#......#
#go#.##.#..##....
#g##....#..###..# #.
##g.##...........#
####.####@#.####.....###.#
...........................
#..........................####
................###.....#..#
................# #.....#^.## #
................####....#...###
........h....................†.
.........>......#######.###..†.
........††......# #.# #....


You could see Natasha, 3 gnolls and an orc.

Vanquished Creatures
  Sigmund (D:3)
  A necrophage (D:2)
  An ogre (D:3)
  Jessica (D:2)
  Natasha (twice) (D:3)
  Ijyb (D:3)
  4 adders (D:2)
  A gnoll (D:3)
  A worm (D:2)
  3 dart slugs
  2 orcs (D:3)
  2 ball pythons
  6 endoplasms
  4 giant cockroaches
  5 goblins
  8 hobgoblins
  7 jackals
  3 quokkas
  3 bats
  2 frilled lizards (D:3)
  6 kobolds
  5 rats
69 creatures vanquished.

Notes
Turn   | Place    | Note
-------+----------+-------------------------------------------
     0 | D:1      | Delamore the Formicid Fighter began the quest for the Orb.
     0 | D:1      | Reached XP level 1. HP: 18/18 MP: 1/1
    61 | D:1      | Reached XP level 2. HP: 22/24 MP: 2/2
   442 | D:1      | Reached XP level 3. HP: 30/30 MP: 3/3
   505 | D:1      | Reached skill level 3 in Staves
   959 | D:2      | Noticed a necrophage
   967 | D:2      | Killed a necrophage
   968 | D:2      | Reached skill level 4 in Staves
   968 | D:2      | Reached XP level 4. HP: 38/38 MP: 4/4
   968 | D:2      | Reached XP level 5. HP: 43/43 MP: 5/5
  1213 | D:2      | Found a faded altar of an unknown god.
  1458 | D:2      | Noticed Jessica
  1465 | D:2      | Killed Jessica
  1680 | D:2      | Reached XP level 6. HP: 49/49 MP: 6/6
  2213 | D:3      | Noticed Sigmund
  2224 | D:3      | Killed Sigmund
  2225 | D:3      | Reached skill level 5 in Fighting
  2225 | D:3      | Reached skill level 5 in Staves
  2285 | D:3      | Noticed an ogre
  2297 | D:3      | Killed an ogre
  2298 | D:3      | Reached skill level 6 in Staves
  2298 | D:3      | Reached XP level 7. HP: 38/56 MP: 7/7
  2509 | D:3      | Noticed Natasha
  2513 | D:3      | Noticed Ijyb
  2519 | D:3      | Killed Natasha
  2530 | D:3      | Killed Ijyb
  2555 | D:3      | Noticed Natasha
  2589 | D:3      | Killed Natasha
  2741 | D:3      | Noticed Natasha
  2742 | D:3      | Killed from afar by Natasha

Illustrated notes

Levels and vault maps discovered:
D:1:      minmay_arrival_shoal_huts, layout_basic
D:2:      layout_loops_corners, ebering_ecumenical_altar_mist, uniq_jessica
D:3:      layout_rooms, uniq_natasha, uniq_ijyb, uniq_sigmund

Skill      XL: |  1  2  3  4  5  6 |
---------------+-------------------+-----
Staves         | 4 6 |  6.9
Fighting       | 4 5 |  5.0
Armour         | |  3.2
Shields        | |  3.6

Action                   |  1- 3 |  4- 6 |  7- 9 || total
-------------------------+-------+-------+-------++-------
Melee: Quarterstaff      |    75 |    52 |       ||   127
       Whip              |       |    19 |    77 ||    96
 Abil: Dig               |       |       |     2 ||     2
  Use: Scroll            |       |     4 |       ||     4
Armor: Scale mail        |    23 |       |       ||    23
       Plate armour      |     5 |    38 |    24 ||    67
       Chain mail        |       |       |    19 ||    19
Dodge: Dodged            |    21 |    11 |    14 ||    46
Block: Kite shield       |    27 |    34 |    49 ||   110

Table legend: (Time is in decaauts)
 A = Elapsed time spent in this place.
 B = Non-inter-level travel time spent in this place.
 C = Inter-level travel time spent in this place.
 D = Time resting spent in this place.
 E = Time spent auto-exploring this place.
 F = Levels seen in this place.
 G = Mean time per level.
                   A        B        C        D        E       F      G
               +--------+--------+--------+--------+--------+-----+--------+
         Total |   2789 |   2678 |    111 |    241 |   1952 |   3 |  929.7 |
       Dungeon |   2789 |   2678 |    111 |    241 |   1952 |   3 |  929.7 |
               +--------+--------+--------+--------+--------+-----+--------+

Top non-repeatable levels by time:
     D:2: 1295 daAuts
     D:1: 957 daAuts
     D:3: 536 daAuts
